 Dungeon Crawl Stone Soup version 0.26-a0-84-g8c18429211 (webtiles) character file.

Game seed: 7150776054149560239

4866 Conn the Thaumaturge (level 10, -1/63 HPs)
             Began as an Octopode Wizard on June 17, 2020.
             Was a Priest of Sif Muna.
             Slain by a death yak (15 damage)
             ... on level 8 of the Dungeon.
             The game lasted 00:46:35 (9923 turns).

Conn the Thaumaturge (Octopode Wizard)              Turns: 9923, Time: 00:46:41

Health: -1/63      AC:  5    Str:  6    XL:     10   Next: 50%
Magic:  29/31      EV: 15    Int: 23    God:    Sif Muna [***...]
Gold:   548        SH:  0    Dex: 12    Spells: 14/25 levels left

rFire    + . .     SeeInvis .   e - +4 quarterstaff (chaos)
rCold    . . .     Gourm    .   (shield currently unavailable)
rNeg     . . .     Faith    .   a - +0 hat
rPois    +         Spirit   .   E - amulet of regeneration
rElec    .         Reflect  .   h - ring of flight
rCorr    .         Harm     .   f - ring of magical power
MR       .....                  t - ring of protection from fire
Stlth    ++++......             D - +4 ring of protection
HPRegen  0.60/turn              H - ring of poison resistance
MPRegen  0.22/turn              (no ring)
                                (no ring)
                                (no ring)

@: no status effects
A: almost no armour, stealthy swim, amphibious, 8 rings, constrict 8, camouflage
1, gelatinous body 1
a: Channel Magic, Forget Spell, Renounce Religion, Evoke Flight


You were on level 8 of the Dungeon.
You worshipped Sif Muna.
Sif Muna was most pleased with you.
You were not hungry.

You visited 1 branch of the dungeon, and saw 8 of its levels.
You also visited: Sewer.

You collected 548 gold pieces.

Inventory:

Hand Weapons
 e - a +4 quarterstaff of chaos (weapon)
 k - a +2 whip of freezing
 y - a +2 dagger of draining
 F - a +2 rapier of speed
Armour
 a - a +0 hat (worn)
Jewellery
 f - a ring of magical power (right tentacle)
 h - a ring of flight (left tentacle)
 t - a ring of protection from fire (on tentacle)
 D - a +4 ring of protection (on tentacle)
 E - an amulet of regeneration (around mantle)
 H - a ring of poison resistance (on tentacle)
Wands
 A - a wand of random effects (47)
 B - a wand of iceblast (17)
 J - a wand of flame (13)
Scrolls
 d - 2 scrolls of immolation {unknown}
 l - a scroll of remove curse
 n - 2 scrolls of enchant armour {unknown}
 o - a scroll of fog
 q - 3 scrolls of teleportation {unknown}
 r - 8 scrolls of identify
 s - a scroll of noise {unknown}
 w - 2 scrolls of enchant weapon
 x - 3 scrolls of magic mapping {unknown}
 z - 2 scrolls of fear
 G - a scroll of amnesia {unknown}
 I - a scroll of silence {unknown}
Potions
 b - a potion of ambrosia
 g - a potion of curing {unknown}
 i - 4 potions of heal wounds
 j - 2 potions of stabbing
 m - a potion of haste {unknown}
 p - 2 potions of flight
 u - a potion of degeneration {unknown}
 v - a potion of cancellation
Comestibles
 c - 22 rations


   Skills:
 + Level 3.5 Fighting
 + Level 1.0(4.0) Maces & Flails
 + Level 6.2(6.3) Staves
 + Level 4.1 Dodging
 + Level 6.2 Stealth
 * Level 8.1 Spellcasting
 * Level 5.9 Conjurations
 + Level 3.1 Summonings
 + Level 2.5 Translocations
 + Level 0.7 Fire Magic
 + Level 2.7 Air Magic
 + Level 3.5 Poison Magic
 * Level 1.2 Invocations
 + Level 0.2 Evocations


You had 14 spell levels left.
You knew the following spells:

 Your Spells              Type           Power        Failure   Level  Hunger
a - Magic Dart            Conj           ####         1%          1    None
b - Blink                 Tloc           N/A          3%          2    None
c - Call Imp              Summ           ###.....     2%          2    None
d - Conjure Flame         Conj/Fire      ###.....     5%          3    None
e - Mephitic Cloud        Conj/Pois/Air  ####....     3%          3    None

Your spell library contained the following spells:

 Spells                   Type           Power        Failure   Level  Hunger
 Slow                     Hex            #.......     11%         2    None


Dungeon Overview and Level Annotations

Branches:
Dungeon (8/15)             Temple (0/1) D:5           Sewer (visited)
   Lair: D:8-11

Altars:
Ashenzari
Elyvilon
Fedhas
Gozag
Kikubaaqudgha
Ru
Sif Muna
Trog
Uskayaw
Wu Jian


Innate Abilities, Weirdness & Mutations

You cannot wear most types of armour.
You are very stealthy in the water. (Stealth+)
You are amphibious.
You can wear up to eight rings at the same time.
You can use your tentacles to constrict eight enemies at once.
Your skin changes colour to match your surroundings (Stealth+).
Your rubbery body absorbs attacks. (AC +1, EV +1)


Message History

The two-headed ogre barely misses you.
The two-headed ogre hits you with a +0 giant spiked club!
The death yak bellows! x2
There is a stone staircase leading up, spattered with blood here.
Unknown command.
Casting: Blink (safe; 3% risk of failure)
Confirm with . or Enter, or press ? or * to list all spells.
You blink.
The death yak bellows!
The death yak gores you!
* * * LOW HITPOINT WARNING * * *
Okay, then.
The death yak closely misses you.
As you read the scroll of fear, it crumbles to dust.
You assume a fearsome visage.
The death yak looks frightened!
The death yak resists with some effort.
The death yak easily resists.
The death yak resists with some effort.
The gnoll looks frightened! x2
The hound looks frightened!
The big kobold looks frightened!
The death yak gores you!
You die...

.# #.. ... #..
#.# #...#.#
...#.# ..
..###.#.##.###.
.......<#....
.###..Y.#..###
#..@.#....
#.#YY.#.##
#.#..h...#
#.#.gY#O%#
#.#(K§#..# #
#........# #.#
#..g.....#.#.#
#(...........#
##.......##.###


You could see 4 death yaks, a two-headed ogre, a big kobold (fleeing), a hound
(fleeing) and 2 gnolls.

Vanquished Creatures
  Harold (D:7)
  A death yak (D:7)
  Sigmund (D:3)
  A human (D:7)
  4 hogs (D:7)
  Menkaure (D:7)
  A soldier ant (D:5)
  Duvessa (D:4)
  A sky beast (D:6)
  3 ice beasts
  A phantom (D:5)
  2 centaurs
  3 ogres
  A big kobold (Sewer)
  A bullfrog (D:7)
  A gnoll sergeant (D:7)
  Dowan (D:4)
  3 killer bees (D:7)
  A centaur zombie (D:7)
  3 crimson imps
  3 orc priests (D:5)
  A jelly (D:6)
  4 hounds
  A gnoll shaman (D:7)
  A bullfrog skeleton (D:7)
  4 orc wizards
  Ijyb (D:5)
  9 worker ants
  A hound zombie (D:6)
  2 hound skeletons
  8 gnolls
  14 adders
  A howler monkey skeleton (D:4)
  2 river rats (Sewer)
  4 shadow imps
  An adder zombie (D:8)
  An adder skeleton (D:5)
  2 worms
  2 dart slugs
  8 leopard geckos
  14 orcs
  3 ball pythons
  3 bats (D:2)
  6 giant cockroaches
  3 goblins
  4 hobgoblins
  2 jackals (Sewer)
  8 quokkas
  13 kobolds
  10 rats
168 creatures vanquished.

Vanquished Creatures (collateral kills)
  An ice beast (D:7)
  2 ogres (D:4)
  Crazy Yiuf (D:2)
  Terence (D:2)
5 creatures vanquished.

Grand Total: 173 creatures vanquished

Notes
Turn   | Place    | Note
-------+----------+-------------------------------------------
     0 | D:1      | Conn the Octopode Wizard began the quest for the Orb.
     0 | D:1      | Reached XP level 1. HP: 11/11 MP: 4/4
   251 | D:1      | Found a shattered altar of Ashenzari.
   832 | D:2      | Reached XP level 2. HP: 17/17 MP: 6/6
  1016 | D:2      | Reached XP level 3. HP: 14/21 MP: 8/8
  1114 | D:2      | Learned a level 2 spell: Blink
  1117 | D:2      | Learned a level 2 spell: Call Imp
  1121 | D:2      | Learned a level 3 spell: Conjure Flame
  1185 | D:2      | Noticed Terence
  1205 | D:2      | Killed Terence
  1259 | D:2      | Found a runed translucent door.
  1260 | D:2      | Noticed Crazy Yiuf
  1274 | D:2      | Killed Crazy Yiuf
  1274 | D:2      | Reached XP level 4. HP: 27/27 MP: 2/9
  1376 | D:2      | Reached skill level 4 in Spellcasting
  1763 | D:2      | Reached skill level 1 in Maces & Flails
  1827 | D:2      | Learned a level 3 spell: Mephitic Cloud
  1841 | D:2      | Found a shimmering blue altar of Sif Muna.
  1855 | D:2      | Became a worshipper of Sif Muna the Loreminder
  1921 | D:2      | Reached XP level 5. HP: 25/31 MP: 11/11
  2609 | D:3      | Found an ancient bone altar of Kikubaaqudgha.
  2737 | D:3      | Noticed a two-headed ogre
  3196 | D:3      | Noticed Sigmund
  3209 | D:3      | Killed Sigmund
  3209 | D:3      | Reached skill level 1 in Air Magic
  3209 | D:3      | Reached skill level 1 in Poison Magic
  3209 | D:3      | Reached XP level 6. HP: 31/36 MP: 10/13
  3212 | D:3      | Reached * piety under Sif Muna
  3213 | D:3      | Found a hide-covered altar of Uskayaw.
  3379 | D:3      | Found a blossoming altar of Fedhas.
  3524 | D:4      | Reached skill level 5 in Spellcasting
  3601 | D:4      | Reached XP level 7. HP: 34/42 MP: 14/14
  3644 | D:4      | Found an opulent altar of Gozag.
  3702 | D:4      | Found a sacrificial altar of Ru.
  3757 | D:4      | Found a glowing drain.
  3766 | D:4      | Reached skill level 1 in Staves
  3787 | Sewer    | Entered a sewer
  4175 | Sewer    | Found a white marble altar of Elyvilon.
  4223 | D:4      | Noticed Dowan
  4229 | D:4      | Noticed Duvessa
  4261 | D:4      | Killed Dowan
  4275 | D:4      | Killed Duvessa
  4513 | D:4      | Reached skill level 1 in Fighting
  4862 | D:4      | Reached ** piety under Sif Muna
  5025 | D:4      | Reached XP level 8. HP: 48/48 MP: 14/16
  5290 | D:4      | Found an ornate altar of the Wu Jian Council.
  5392 | D:5      | Entered Level 5 of the Dungeon
  5392 | D:5      | Noticed Ijyb
  5410 | D:5      | Killed Ijyb
  5920 | D:5      | Reached skill level 6 in Spellcasting
  6679 | D:5      | Found a white marble altar of Elyvilon.
  6685 | D:5      | Found a bloodstained altar of Trog.
  6775 | D:5      | Found a staircase to the Ecumenical Temple.
  7161 | D:5      | Reached XP level 9. HP: 39/54 MP: 18/18
  7398 | D:6      | Reached *** piety under Sif Muna
  8050 | D:7      | Reached skill level 7 in Spellcasting
  8241 | D:7      | Reached skill level 5 in Stealth
  8356 | D:7      | Noticed Menkaure
  8363 | D:7      | Killed Menkaure
  8363 | D:7      | Reached skill level 5 in Staves
  8646 | D:7      | Reached skill level 5 in Conjurations
  8866 | D:7      | Reached XP level 10. HP: 63/63 MP: 21/21
  8867 | D:7      | Noticed Harold
  8930 | D:7      | Killed Harold
  9230 | D:8      | Noticed a two-headed ogre
  9458 | D:8      | Noticed a death yak
  9463 | D:8      | Noticed a death yak
  9464 | D:8      | Noticed a death yak
  9464 | D:8      | Noticed a death yak
  9580 | D:8      | Noticed a death yak
  9812 | D:7      | Killed a death yak
  9812 | D:7      | Reached skill level 8 in Spellcasting
  9812 | D:7      | Reached skill level 1 in Invocations
  9923 | D:8      | Slain by a death yak

Illustrated notes

Levels and vault maps discovered:
D:1:      roderic_crop_circles_arrival_small, layout_loops_ring,
          evilmike_ruin_ashenzari
D:2:      layout_loops_corners, old_standard_altar, uniq_crazy_yiuf_cottage,
          uniq_terence
D:3:      layout_rooms, overflow_temple_1_default, lemuel_doored_altar,
          eat_drink_and_be_merry_uskayaw, uniq_sigmund
D:4:      layout_gridville, nicolae_gozag_seed_capital,
          nicolae_ru_the_path_less_chosen, marbit_many_paths, first_ration,
          gup_sewer_entry_pipe, lemuel_statue_altar, uniq_duvessa
D:5:      minmay_clustersquares, layout_rooms, kennysheep_mini,
          minmay_temple_entry_waves, serial_glass, glass_columns_a,
          glass_columns_b, glass_columns_b, glass_columns_b, glass_columns_c,
          glass_columns_a, glass_columns_a, glass_columns_a, basic_altar,
          grunt_ministairs_7, wad_floor_pattern_2, hex_intersection, uniq_ijyb
D:6:      layout_cave_pools, hangedman_abyss_or_decor_passed
D:7:      layout_loops_cross, grunt_livestock, st_stairs_1, uniq_menkaure,
          uniq_harold
D:8:      layout_basic, dpeg_lair_monsters, basic_altar, serial_bayou_ford_a,
          uniq_joseph

Skill      XL: |  1  2  3  4  5  6  7  8  9 10 |
---------------+-------------------------------+-----
Stealth        | 3 4 6 |  6.2
Spellcasting   | 4 5 6 7 8 |  8.1
Maces & Flails | 1 |  1.0
Conjurations   | 2 4 5 |  5.9
Air Magic      | 1 2 |  2.7
Poison Magic   | 1 2 3 |  3.5
Summonings     | 2 3 |  3.1
Staves         | 2 4 5 6 |  6.2
Fighting       | 1 3 |  3.5
Dodging        | 3 4 |  4.1
Translocations | 2 |  2.5
Invocations    | 1 |  1.2
Fire Magic     | |  0.7
Evocations     | |  0.2

Action                   |  1- 3 |  4- 6 |  7- 9 | 10-12 || total
-------------------------+-------+-------+-------+-------++-------
Melee: Whip              |    24 |       |       |       ||    24
       Constrict         |     7 |    10 |    46 |     7 ||    70
       Tentacles         |     2 |     4 |    38 |     3 ||    47
       Quarterstaff      |       |    48 |   252 |    41 ||   341
 Cast: Magic Dart        |    12 |    67 |   118 |    23 ||   220
       Call Imp          |     5 |    18 |    21 |       ||    44
       Conjure Flame     |     1 |     1 |     2 |     5 ||     9
       Mephitic Cloud    |       |     2 |    19 |    19 ||    40
       Blink             |       |     2 |    12 |    16 ||    30
Evoke: Wand              |       |       |       |     4 ||     4
  Use: Scroll            |     5 |       |     2 |     2 ||     9
       Potion            |     1 |       |     3 |     1 ||     5
 Stab: Sleeping          |     1 |     3 |    13 |     1 ||    18
       Confused          |       |       |     8 |       ||     8
       Paralysed         |       |       |     1 |       ||     1
  Eat: Chunk             |     1 |     8 |    17 |     2 ||    28
       Ration            |       |       |       |     1 ||     1
Armor: Skin              |     2 |     4 |    25 |    10 ||    41
Dodge: Dodged            |    27 |    54 |   148 |    44 ||   273

Table legend:
 A = Non-vault XP
 B = Vault XP
 C = Vault XP percentage of total XP
 D = Non-vault monster count
 E = Vault monster count
 F = Vault count percentage of total count
                 A         B        C        D         E       F
            +---------+---------+-------+---------+---------+-------
      Total |    2870 |    4082 |  58.7 |     129 |      44 |  25.4
            +---------+---------+-------+---------+---------+-------
        D:1 |       7 |       0 |   0.0 |       5 |       0 |   0.0
        D:2 |     158 |      38 |  19.4 |      23 |       2 |   8.0
        D:3 |      34 |     209 |  86.0 |      17 |       1 |   5.6
        D:4 |     608 |     216 |  26.2 |      19 |       8 |  29.6
        D:5 |     626 |     493 |  44.1 |      24 |      11 |  31.4
        D:6 |     399 |       0 |   0.0 |      15 |       0 |   0.0
        D:7 |     934 |    2989 |  76.2 |      23 |       9 |  28.1
        D:8 |     104 |       0 |   0.0 |       3 |       0 |   0.0
      Sewer |       0 |     137 | 100.0 |       0 |      13 | 100.0
            +---------+---------+-------+---------+---------+-------
